 Dungeon Crawl Stone Soup version 0.18.1-48-g4cf74bf (webtiles) character file.

550 alexandrvrp the Skirmisher (level 7, -1/55 HPs)
             Began as a Demonspawn Fighter on June 26, 2016.
             Was a Follower of Cheibriados.
             Slain by an ice beast (6 damage)
             ... on level 5 of the Dungeon.
             The game lasted 00:16:56 (3586 turns).

alexandrvrp the Skirmisher (Demonspawn Fighter)     Turns: 3586, Time: 00:16:57

Health: -1/55      AC: 11    Str: 22    XL:     7   Next: 7%
Magic:  7/10       EV:  9    Int: 12    God:    Cheibriados [*.....]
Gold:   149        SH: 10    Dex: 15    Spells: 0 memorised, 10 levels left

rFire  . . .     SeeInvis .     a - +1 long sword
rCold  . . .     Gourm    .     b - +0 scale mail
rNeg   . . .     Faith    .     c - +0 shield
rPois  .         Spirit   .     E - +0 helmet
rElec  .         Dismiss  .     G - +0 cloak
rCorr  .         Reflect  .     p - +0 pair of gloves
SustAt .         Harm     .     d - +0 pair of boots
MR     .....                    k - amulet of regeneration
Stlth  ..........               (no ring)
                                (no ring)

@: about to teleport, very slow, not resistant to hostile enchantments,
extremely unstealthy
A: claws 2, powered by death 2
a: Bend Time, Renounce Religion


You were on level 5 of the Dungeon.
You worshipped Cheibriados.
Cheibriados was aware of your devotion.
You were not hungry.

You visited 1 branch of the dungeon, and saw 5 of its levels.

You collected 149 gold pieces.

Inventory:

Hand Weapons
 a - a +1 long sword (weapon)
 m - a +0 hunting sling
 y - a +0 hunting sling
Missiles
 q - 45 sling bullets
Armour
 b - a +0 scale mail (worn)
 c - a +0 shield (worn)
 d - a +0 pair of boots (worn)
 h - a +0 chain mail
 p - a +0 pair of gloves (worn)
 E - a +0 helmet (worn)
 G - a +0 cloak (worn)
Jewellery
 k - an amulet of regeneration (around neck)
 r - an uncursed ring of ice
Wands
 x - a wand of slowing (32/48)
Scrolls
 e - a scroll of noise
 l - 2 scrolls of immolation {unknown}
 o - a scroll of magic mapping {unknown}
 t - 3 scrolls of recharging
 u - 6 scrolls of identify
 v - 3 scrolls of enchant armour {unknown}
 z - 3 scrolls of fear {unknown}
Potions
 g - a potion of mutation
 i - a potion of agility
 s - 3 potions of berserk rage
 D - a potion of curing
Comestibles
 f - 3 bread rations
 n - 2 meat rations
 w - 2 beef jerkies
 A - 2 chunks of flesh
 B - a slice of pizza


   Skills:
 * Level 4.3 Fighting
 * Level 3.3 Long Blades
 * Level 4.3 Armour
 + Level 2.4 Dodging
 + Level 3.4 Shields
 + Level 2.0 Spellcasting


You had 10 spell levels left.
You didn't know any spells.

Dungeon Overview and Level Annotations

Branches:
Dungeon (5/15)
 Temple: D:4-7

Altars:
Ashenzari
Cheibriados
Dithmenos
Elyvilon
Nemelex Xobeh
Pakellas
Ru

Annotations:
D:4 Aquadorian's ghost, novice VSMo


Innate Abilities, Weirdness & Mutations

You have very sharp fingernails.
You regenerate health from kills.


Message History

The ice beast is heavily wounded.
The ice beast hits you. The ice beast freezes you!
* * * LOW HITPOINT WARNING * * *
The ice beast hits you but does no damage.
You hit the ice beast but do no damage.
The ice beast is heavily wounded.
The ice beast hits you.
* * * LOW HITPOINT WARNING * * *
The ice beast freezes you!
* * * LOW HITPOINT WARNING * * *
The flow of time bends around you.
Cheibriados rebukes the ice beast.
The ice beast seems to slow down.
You feel slightly more hungry.
The ice beast hits you but does no damage.
Read which item? (? for menu, Esc to quit)
As you read the scroll of teleportation, it crumbles to dust.
You feel strangely unstable. The ice beast hits you.
* * * LOW HITPOINT WARNING * * *
The ice beast freezes you.
You die...

#.# .. #.... #.#
####.# #.#.# #.#
#..... #.#.# #.#
#.##.# #.#.# #.#
#.##.# #.#.# #.#
#.##.#####.#.#.# #.#
#.##.......#.#.#
#.###.....######.#.#
#..@YW...........#.#
#####..............#
##....##########
###### ## #. #. #.
#. #.


You could see a phantom and an ice beast.

Vanquished Creatures
  An ogre (D:5)
  A scorpion (D:5)
  2 howler monkeys (D:5)
  A crimson imp (D:5)
  A jelly (D:5)
  A giant frog skeleton (D:5)
  An orc wizard (D:4)
  An iguana (D:5)
  A worker ant (D:5)
  A gnoll (D:3)
  7 adders
  A shadow imp (D:5)
  2 oozes (D:2)
  An adder skeleton (D:4)
  A worm (D:3)
  3 dart slugs (D:1)
  A giant gecko (D:3)
  4 orcs (D:4)
  A ball python (D:4)
  3 giant cockroaches
  5 hobgoblins
  6 jackals
  2 quokkas (D:2)
  8 bats
  6 giant newts
  11 goblins
  7 kobolds
  A quokka skeleton (D:4)
  5 rats
  A plant (D:2)
87 creatures vanquished.

Notes
Turn   | Place    | Note
--------------------------------------------------------------
     0 | D:1      | alexandrvrp the Demonspawn Fighter began the quest for the Orb.
     0 | D:1      | Reached XP level 1. HP: 18/18 MP: 1/1
    71 | D:1      | Gained mutation: You regenerate a little health from kills. [demonic ancestry]
    71 | D:1      | Reached XP level 2. HP: 19/24 MP: 2/2
   675 | D:2      | Gained mutation: Your body sometimes deteriorates upon taking damage. [potion of mutation]
   675 | D:2      | Gained mutation: Your spells are a little harder to cast, but a little more powerful. [potion of mutation]
   675 | D:2      | Lost mutation: Your body sometimes deteriorates upon taking damage. [potion of mutation]
   684 | D:2      | Gained mutation: You have sharp fingernails. [demonic ancestry]
   684 | D:2      | Reached XP level 3. HP: 4/29 MP: 3/3
   945 | D:2      | Reached skill level 1 in Dodging
   971 | D:2      | Found an oddly glowing altar of Pakellas.
   971 | D:2      | Found a shadowy altar of Dithmenos.
   972 | D:2      | Found a sparkling altar of Nemelex Xobeh.
  1134 | D:2      | Found a white marble altar of Elyvilon.
  1159 | D:2      | Gained mutation: You have very sharp fingernails. [demonic ancestry]
  1159 | D:2      | Reached XP level 4. HP: 35/35 MP: 5/5
  1352 | D:2      | Found a shattered altar of Ashenzari.
  1889 | D:3      | Found a snail-covered altar of Cheibriados.
  1924 | D:3      | Reached skill level 1 in Spellcasting
  1995 | D:3      | Became a worshipper of Cheibriados the Contemplative
  2395 | D:4      | Reached XP level 5. HP: 37/42 MP: 6/6
  2465 | D:4      | Noticed Aquadorian's ghost (novice VSMo)
  2656 | D:4      | Reached * piety under Cheibriados
  2810 | D:4      | Found a sacrificial altar of Ru.
  2845 | D:4      | Lost mutation: Your spells are a little harder to cast, but a little more powerful. [potion of cure mutation]
  2925 | D:5      | Entered Level 5 of the Dungeon
  3095 | D:5      | Gained mutation: You regenerate health from kills. [demonic ancestry]
  3095 | D:5      | Reached XP level 6. HP: 48/48 MP: 6/8
  3509 | D:5      | Reached XP level 7. HP: 55/55 MP: 10/10
  3586 | D:5      | Slain by an ice beast

Skill      XL: |  1  2  3  4  5  6 |
---------------+-------------------+-----
Long Blades    | 2 3 |  3.3
Armour         | 3 4 |  4.3
Dodging        | 1 2 |  2.4
Shields        | 3 |  3.4
Spellcasting   | 1 2 |  2.0
Fighting       | 4 |  4.3

Action                   |  1- 3 |  4- 6 |  7- 9 || total
-------------------------+-------+-------+-------++-------
Melee: Long sword        |   134 |   312 |     7 ||   453
Invok: Bend Time         |       |       |     1 ||     1
  Use: Potion            |     3 |     5 |       ||     8
       Scroll            |       |     6 |     1 ||     7
  Eat: Chunk             |     1 |     1 |       ||     2
       Fruit             |       |     4 |       ||     4
       Beef jerky        |       |     2 |       ||     2
       Pizza             |       |     1 |       ||     1
Armor: Scale mail        |    55 |   152 |     4 ||   211
Dodge: Dodged            |    41 |   110 |     1 ||   152
Block: Shield            |    79 |   153 |       ||   232
